 Dungeon Crawl Stone Soup version 0.29.1-15-g9cfb28693d (webtiles) character file.

Game seed: 11788054474788182662

120 javelincjr the Magician (level 5, -5/35 HPs)
             Began as a Djinni Conjurer on Mar 9, 2023.
             Was an Initiate of Makhleb.
             Killed by miscasting Iskenderun's Mystic Blast (10 damage)
             ... on level 4 of the Dungeon.
             The game lasted 00:07:22 (3689 turns).

javelincjr the Magician (Djinni Conjurer)           Turns: 3689, Time: 00:07:23

Health: -5/35      AC:  2    Str:  8    XL:     5   Next: 25%
Gold:   168        EV: 12    Int: 20    God:    Makhleb [......] SH:  0 Dex: 11

rFire   + + .      SeeInvis .   (no weapon)
rCold   x . .      Faith    .   (no shield)
rNeg    . . .      Spirit   .   a - +0 robe
rPois   ∞          Reflect  .   (no helmet)
rElec   .          Harm     .   (no cloak)
rCorr   .          Rampage  .   (no gloves)
Will    .....                   (boots unavailable)
Stlth   ++........              (no amulet)
HPRegen 0.11/turn               (no ring)
MPRegen 0.00/turn               (no ring)

@: flying, very slightly contaminated
A: sickness immunity, fire resistance 2, cold vulnerability 1, float, innate
caster, HP casting, extra vitality 1
a: Renounce Religion


You were on level 4 of the Dungeon.
You worshipped Makhleb.
Makhleb was noncommittal.
You visited 2 branches of the dungeon, and saw 5 of its levels.

You collected 168 gold pieces.

Inventory:

Armour
 a - a +0 robe (worn)
Scrolls
 j - a scroll of teleportation
 l - a scroll of fear
Potions
 b - a potion of haste
 e - 3 potions of curing
 f - a potion of magic {unknown}
 g - a potion of cancellation {unknown}
 k - a potion of might {unknown}


   Skills:
 + Level 3.6 Dodging
 + Level 2.8 Stealth
 + Level 3.9 Spellcasting


You couldn't memorise any spells.
You knew the following spells:

 Your Spells              Type           Power      Damage    Failure   Level
a - Magic Dart            Conj           76%        1d6       2%          1
b - Searing Ray           Conj           38%        2d5       4%          2
c - Dazzling Flash        Conj/Hex       38%        N/A       8%          3
d - Fulminant Prism       Conj/Hex       9%         3d7       26%         4
e - Iskenderun's Mystic   Conj/Tloc      19%        2d6       26%         4
f - Shock                 Conj/Air       76%        1d7       2%          1
g - Wereblood             Tmut           19%        N/A       4%          2
Your spell library was empty.

Dungeon Overview and Level Annotations

Branches:
Dungeon (4/15)             Temple (1/1) D:4

Altars:
Ashenzari
Cheibriados
Dithmenos
Elyvilon
Fedhas
Gozag
Makhleb
Nemelex Xobeh
Okawaru
Ru
Trog
Uskayaw
Wu Jian
Yredelemnul
Zin
The Shining One


Innate Abilities, Weirdness & Mutations

You are immune to sickness and miasma.
You are immune to poison.
Your flesh is very heat resistant. (rF++)
You are vulnerable to cold. (rC-)
You float through the air rather than walking.
You learn spells naturally, not from books.
Your magical power is your life essence.
You have superior vitality. (+4 MHP)


Message History

There is an open door here.
An ogre comes into view. It is wielding a +0 giant club.
The zap hits the ogre.
The ogre is lightly wounded.
The ogre shouts!
The zap hits the ogre.
The ogre is lightly wounded.
The zap hits the ogre.
The ogre is moderately wounded.
Casting: Shock (safe; 2% risk of failure)
Confirm with . or Enter, or press ? or * to list all spells.
The spell is extremely dangerous to miscast (26% risk of failure)!
Continue anyway?
Aiming: Fulminant Prism (extremely dangerous; 26% risk of failure)
Press: ? - help, Dir - move target, p - ogre You miscast Fulminant Prism.
You are very lightly contaminated with residual magic.
Nothing appears to happen.
There is an open door here.
Aiming: Shock (safe; 2% risk of failure)
Press: ? - help, Q - select action, (/) - cycle Shift-Dir - straight line, f - ogre
Aim: an ogre, wielding a +0 giant club (moderately wounded, 86% to hit)
The zap hits the ogre.
The ogre is moderately wounded.
Aiming: Shock (safe; 2% risk of failure)
Press: ? - help, Q - select action, (/) - cycle Shift-Dir - straight line, f/p - ogre
Aim: an ogre, wielding a +0 giant club (moderately wounded, 86% to hit)
The zap hits the ogre.
The ogre is heavily wounded.
Casting: Shock (safe; 2% risk of failure)
Confirm with . or Enter, or press ? or * to list all spells.
The spell is extremely dangerous to miscast (26% risk of failure)!
Continue anyway?
You erupt in a blast of force!
The mystic blast hits the ogre!
The ogre is severely wounded.
The ogre hits you with a +0 giant club!
* * * LOW HITPOINT WARNING * * *
Casting: Iskenderun's Mystic Blast (extremely dangerous; 26% risk of failure)
Confirm with . or Enter, or press ? or * to list all spells.
The spell is extremely dangerous to miscast (26% risk of failure)!
Continue anyway?
You miscast Iskenderun's Mystic Blast.
Sparks fly from your hands!
You die...

##.# #######.# # ...
####.# #. #.# #.....
##+##'##'### ###.##..
....#.^...# ##.......
..#.....#####..#...##
#'##'##'##'.......#.#..
#.....#..##...#..#....
#+###@#..#.....##....#
#....O#..##.#.....>...
+..'.._..'..+..#.(#....##
#..#.....#..##.#.#....#..
# #'###'#..##.#.#..#.#..
#. ..#..##.#..##...#. '
'##'##'..##........ . .
### #######.# .. .. #.#


You could see an ogre.

Vanquished Creatures
  Natasha (twice) (D:2)
  2 adders
  An ufetubus (D:4)
  A dart slug (D:2)
  An orc (D:3)
  5 ball pythons
  4 giant cockroaches
  6 goblins
  3 hobgoblins
  4 kobolds
  A quokka (D:1)
  7 bats
  5 frilled lizards
  5 rats
47 creatures vanquished.

Notes
Turn   | Place    | Note
-------+----------+-------------------------------------------
     0 | D:1      | javelincjr the Djinni Conjurer began the quest for the Orb.
     0 | D:1      | javelincjr set off with the following spells memorised:
                  | Magic Dart, Searing Ray, Dazzling Flash, Fulminant Prism,
                  | Iskenderun's Mystic Blast.
     0 | D:1      | Reached XP level 1. HP: 15/15 MP: 0/0
   398 | D:1      | Reached XP level 2. HP: 18/21 MP: 0/0
  1212 | D:2      | Reached XP level 3. HP: 25/25 MP: 0/0
  1212 | D:2      | Learned a level 1 spell: Shock
  1505 | D:2      | Noticed Natasha
  1509 | D:2      | Killed Natasha
  1510 | D:2      | Reached XP level 4. HP: 15/31 MP: 0/0
  1672 | D:2      | Found a faded altar of an unknown god.
  2015 | D:2      | Noticed Natasha
  2019 | D:2      | Killed Natasha
  2762 | D:3      | Reached XP level 5. HP: 20/35 MP: 0/0
  2762 | D:3      | Learned a level 2 spell: Wereblood
  3297 | D:4      | Found a staircase to the Ecumenical Temple.
  3305 | Temple   | Entered the Ecumenical Temple
  3447 | Temple   | Became a worshipper of Makhleb the Destroyer
  3678 | D:4      | Found a broken altar of Ashenzari.
  3680 | D:4      | Noticed an ogre
  3689 | D:4      | Killed by miscasting Iskenderun's Mystic Blast

Illustrated notes

Levels and vault maps discovered:
D:1:      dpeg_arrival_shelter, layout_loops_corners, nrook_campfire
D:2:      layout_basic, shapermc_ecumenical_altar_mp_vishouse, chequers_garden,
          uniq_natasha
D:3:      layout_rooms, roderic_lattice_a
D:4:      minmay_razor_zed, layout_loops_corners, mainiacjoe_overflow_24_doors,
          minmay_temple_entry_mini_moons, st_stairs_7
Temple:   regret_index_temple_mists

Skill      XL: |  1  2  3 |
---------------+----------+-----
Stealth        | 2 |  2.8
Dodging        | 3 |  3.6
Spellcasting   | |  3.9

Action                   |  1- 3 |  4- 6 || total
-------------------------+-------+-------++-------
 Cast: Magic Dart        |    38 |     3 ||    41
       Shock             |    10 |    59 ||    69
       Iskenderun's Myst |       |     1 ||     1
  Use: Scroll            |       |     7 ||     7
Armor: Robe              |       |     2 ||     2
Dodge: Dodged            |       |     6 ||     6
